AoeStats
← secotify

Arena

505132986Analyzed
1v1 RM · 23d ago on Sep 8, 2026· 33m 45s· 2 players
Game mode
Random Map
Map size
Tiny (2 player)
Population
200
Speed
Normal
Resources
Standard
Victory
Conquest
Starting age
Dark Age
Ending age
Imperial Age
RankedLock teamsTeams togetherTeam positionsShared explorationLock speedFull tech treeHidden civsTurbo modeCheats
Victory
Defeat
🇹🇷 Malay · Türkiye
1237
+16
🇺🇸 Japanese · United States
1241
-16
secotify
11:16 Feudal Age
14:51 Castle Age
13:03 Horse Collar
13:25 Double-Bit Axe
15:02 Bow Saw
18:20 Wheelbarrow
17:34 Town Watch
18:32 Heavy Plow
19:50 Gold Mining
21:21 Loom
25:24 Hand Cart
26:38 Fletching
26:48 Padded Archer Armor
29:48 Imperial Age
27:25 Bodkin Arrow
27:41 Forging
26:53 Pikeman
27:34 Squires
26:58 Crossbowman
28:30 Ballistics
28:30 Leather Archer Armor
28:44 Thumb Ring
28:03 Elite Skirmisher
30:39 Chemistry
31:09 Conscription
33:20 Bracer
33:50 Ring Archer Armor
34:03 Stone Mining
ภ₮℘♜๖ۣۜℜѺƔคŁ
3:21 Loom
9:51 Feudal Age
16:28 Castle Age
15:06 Double-Bit Axe
16:15 Horse Collar
17:06 Scale Mail Armor
20:26 Wheelbarrow
20:04 Town Watch
22:35 Forging
24:17 Iron Casting
24:33 Chain Mail Armor
Connection lost

Rejoining the realm…

Still unreachable

The connection could not be restored.

Session expired

The server has moved on; the page needs a fresh start.